[Event "Team 45 45 League T83"]
[Site "Internet Chess Club"]
[Date "2020.01.27"]
[Round "4"]
[White "BrianWood"]
[Black "cayo89"]
[Result "1/2-1/2"]
[WhiteElo "1646"]
[BlackElo "1582"]
[Opening "Old Indian: main line"]
[ECO "A55"]
[Time "20:09:17"]
[TimeControl "2700+45"]

1. d4 d6 2. c4 Nf6 3. Nf3 Nbd7 4. Nc3 e5 5. e4 c6 6. Qc2 Be7 7. Be2 a6 8. O-O
O-O 9. h3 Qc7 10. Be3 Re8 11. Rac1 Bf8 12. d5 c5 13. a3 g6 14. b4 Bg7 15. Rb1 b6
16. bxc5 Nxc5 17. Rb2 Bd7 18. Nd2 Reb8 19. Rfb1 Be8 20. Rc1 Nfd7 21. Rd1 Nf6 22.
Rdb1 Nfd7 23. Nf3 Rb7 24. Rc1 Rab8 25. Rb4 Nf6 26. g4 h5 27. g5 Nfd7 28. Nd2 Bf8
29. Rcb1 Be7 30. h4 Kg7 31. Qd1 Nf8 32. Qe1 Bd8 33. f4 exf4 34. Bxf4 Nfd7 35.
Qg3 Ne5 36. Nf3 Ncd7 37. Kg2 f6 38. Nd4 Bf7 39. Ne6+ Bxe6 40. dxe6 Nc5 41. Nd5
Qc6 42. gxf6+ Bxf6 43. Bg5 Nxe4 44. Bxf6+ Nxf6 45. Qb3 Ne4 46. Qe3 Nc5 47. Qg5
Nxe6 48. Qf6+ Kh7 49. Qxe6 a5 50. Rxb6 Rxb6 51. Qe7+ Kh6 52. Qg5+ Kh7 53. Rxb6
Rxb6 54. Qe7+ Kh6 55. Qg5+ {Game drawn by mutual agreement} 1/2-1/2

[Event "Team 45 45 League T83"]
[Site "Internet Chess Club"]
[Date "2020.01.25"]
[Round "4"]
[White "ghostfire"]
[Black "Easy-Win"]
[Result "0-1"]
[WhiteElo "1649"]
[BlackElo "1662"]
[Opening "QGD Slav defense"]
[ECO "D10"]
[Time "18:00:22"]
[TimeControl "2700+45"]

1. d4 d5 2. c4 c6 3. Nc3 Nf6 4. cxd5 cxd5 5. e3 a6 6. Nf3 Nc6 7. h3 Bf5 8. Bd3
Bxd3 9. Qxd3 e6 10. O-O Bd6 11. a3 O-O 12. Re1 Ne7 13. e4 dxe4 14. Nxe4 Nxe4 15.
Qxe4 Nd5 16. Bg5 Be7 17. Bxe7 Nxe7 18. Qxb7 Rb8 19. Qxa6 Rxb2 20. Reb1 Rc2 21.
Qd3 Qc7 22. Ng5 g6 23. Ne4 Rd8 24. g4 Kg7 25. Qf3 Nd5 26. a4 Nf4 27. Rd1 Ne2+
28. Kh1 Nc3 29. Qf6+ Kg8 30. Nxc3 Rxc3 31. Kg2 Qc6+ 32. f3 Rc2+ 33. Kg3 Qc7+ 34.
Qe5 Qc3 35. a5 Rd5 36. Qb8+ Kg7 37. a6 Qe3 38. Rf1 Qe2 39. Kh4 g5+ 40. Kh5 Qd3
{White resigns} 0-1

[Event "Team 45 45 League T83"]
[Site "Internet Chess Club"]
[Date "2020.01.26"]
[Round "4"]
[White "evan7284"]
[Black "Demachaeron"]
[Result "0-1"]
[WhiteElo "1641"]
[BlackElo "1777"]
[Opening "Queen's pawn, Mason variation"]
[ECO "D00"]
[Time "14:31:19"]
[TimeControl "2700+45"]

1. d4 d5 2. Bf4 Nf6 3. e3 c6 4. c3 Bf5 5. Bd3 Bxd3 6. Qxd3 e6 7. Nd2 Nbd7 8. h3
Be7 9. Ngf3 Rc8 10. Ne5 O-O 11. O-O Nxe5 12. dxe5 Nd7 13. Bg3 c5 14. f4 c4 15.
Qe2 Bc5 16. Nf3 Be7 17. Nd4 Nc5 18. Qg4 Ne4 19. f5 h5 {White resigns} 0-1

[Event "Team 45 45 League T83"]
[Site "Internet Chess Club"]
[Date "2020.01.26"]
[Round "4"]
[White "julesraider"]
[Black "justice02"]
[Result "0-1"]
[WhiteElo "1638"]
[BlackElo "1623"]
[Opening "QGD Slav: 3.Nf3"]
[ECO "D11"]
[Time "20:00:50"]
[TimeControl "2700+45"]

1. d4 d5 2. c4 c6 3. Nf3 a6 4. e3 Nf6 5. Bd3 Nbd7 6. Nbd2 Qc7 7. Qc2 e5 8. dxe5
Nxe5 9. Nxe5 Qxe5 10. Nf3 Bb4+ 11. Bd2 Bxd2+ 12. Qxd2 Qe7 13. O-O O-O 14. cxd5
Nxd5 15. a3 Bg4 16. Nd4 Rad8 17. Qc2 Nxe3 18. fxe3 Qxe3+ 19. Qf2 Qxf2+ 20. Rxf2
Rxd4 21. Bc2 Rfd8 22. h3 Be6 23. Re1 Rd2 24. Ree2 Rxe2 25. Rxe2 g6 26. g4 Kg7
27. Kf2 Kf6 28. Kg3 Rd4 29. Rf2+ Kg7 30. b3 c5 31. Rf3 g5 32. Rc3 b6 33. a4 a5
34. Bd3 Bd5 35. Be2 Kf6 36. Bd3 h6 37. Be2 Rd2 38. Bf3 Be6 39. Be4 Ke5 40. Bf3
Kd4 41. Rc1 Bxb3 42. Bc6 c4 43. Re1 Rd3+ 44. Kg2 Re3 45. Rb1 Kc5 46. Bd7 Kb4 47.
Kf2 Rxh3 48. Ke2 c3 49. Bf5 Rh2+ 50. Kd3 Rd2+ 51. Ke3 Rd1 52. Rxd1 Bxd1 53. Bd7
Kb3 54. Bf5 Kb2 55. Ke4 c2 56. Ke5 c1=Q 57. Kf6 Bb3 58. Kg7 Qc6 59. Kh7 Qf6 60.
Kg8 Bxa4 61. Kf8 Bc2 62. Bxc2 Kxc2 63. Kg8 a4 64. Kh7 a3 65. Kg8 a2 66. Kf8 a1=Q
67. Ke8 Qa7 68. Kf8 Qb8# {White checkmated} 0-1

[Event "Team 45 45 League T83"]
[Site "Internet Chess Club"]
[Date "2020.01.26"]
[Round "4"]
[White "Grenadier"]
[Black "Portola"]
[Result "1/2-1/2"]
[WhiteElo "1610"]
[BlackElo "1722"]
[Opening "French: advance, Milner-Barry gambit"]
[ECO "C02"]
[Time "09:01:39"]
[TimeControl "2700+45"]

1. e4 e6 2. d4 d5 3. e5 c5 4. c3 Nc6 5. Nf3 Qb6 6. Bd3 Bd7 7. dxc5 Bxc5 8. O-O
Nge7 9. b4 Nxb4 10. cxb4 Bd4 11. Be3 Bxe3 12. fxe3 Qxe3+ 13. Kh1 Ng6 14. Re1 Qf4
15. Nc3 a6 16. a3 Rc8 17. Ne2 Qg4 18. Rc1 O-O 19. Qd2 Bc6 20. h3 Qh5 21. Ng3 Qh6
22. Qxh6 gxh6 23. Nh5 Rfd8 24. Re2 Ba4 25. Rc5 Rxc5 26. bxc5 Rc8 27. Rb2 Rc7 28.
Bc2 Bb5 29. a4 Bc6 30. h4 Kh8 31. Nf6 Kg7 32. h5 Ne7 33. Rb4 Kh8 34. Rg4 Rc8 35.
Bxh7 Rf8 36. Rb4 Rc8 37. Nd4 Rc7 38. Nxc6 Nxc6 39. Rg4 Rc8 40. Bb1 Nxe5 41. Rb4
Kg7 42. Ng4 a5 43. Rf4 Nd7 44. Kh2 f5 45. Bxf5 exf5 46. Rxf5 Rxc5 47. Ne5 Nxe5
48. Rxe5 Kf6 49. Re8 b5 50. axb5 Rxb5 51. Ra8 Kg5 52. Kg3 d4 53. Kf3 Re5 54. g4
Re3+ 55. Kf2 Kxg4 56. Rxa5 Re4 57. Rd5 Rf4+ 58. Ke2 Rf5 59. Rxd4+ Kxh5 60. Rd1
Kg6 61. Rg1+ Rg5 62. Kf2 Kf5 63. Rh1 h5 64. Kf3 Kg6 65. Rh4 Rf5+ 66. Kg3 Kg5 67.
Rh1 Rd5 68. Rg1 h4+ 69. Kh3+ Kh5 70. Rg8 Rd3+ 71. Kh2 Rd2+ 72. Kh3 Rd3+ 73. Kh2
Rd2+ 74. Kh3 Rd3+ {Game drawn by repetition} 1/2-1/2

[Event "Team 45 45 League T83"]
[Site "Internet Chess Club"]
[Date "2020.01.26"]
[Round "4"]
[White "olivermx"]
[Black "GoIrish"]
[Result "0-1"]
[WhiteElo "1310"]
[BlackElo "1518"]
[Opening "French: exchange variation"]
[ECO "C01"]
[Time "08:40:40"]
[TimeControl "2700+45"]

1. e4 e6 2. d4 d5 3. exd5 exd5 4. Bd3 Nf6 5. h3 Bd6 6. Nf3 O-O 7. O-O Re8 8. b3
Nc6 9. c3 Ne7 10. Ba3 Bf5 11. Bxd6 Qxd6 12. Bxf5 Nxf5 13. Qd3 Ne7 14. Nbd2 Ng6
15. g3 Ne4 16. Kg2 Re7 17. Rfe1 Rae8 18. Qc2 c6 19. Nxe4 dxe4 20. Nd2 Qd5 21.
Re3 f5 22. Rae1 Qf7 23. Nc4 Qd5 24. Nd2 c5 25. dxc5 Ne5 26. c4 Qxc5 27. Kh2 Nd3
28. R1e2 Nxf2 29. Nf1 Nd3 30. Nd2 Qd6 31. Kg2 Qg6 32. Kh2 h5 33. Qc3 h4 34. gxh4
Qh6 35. Rg3 Qxh4 36. Reg2 Qh6 37. Rg6 Qf4+ 38. Kg1 Qe5 39. Qxe5 Nxe5 40. R6g5
Rd8 41. Rxf5 e3 42. Ne4 Nf3+ 43. Kh1 Rd1+ {White resigns} 0-1

[Event "Team 45 45 League T83"]
[Site "Internet Chess Club"]
[Date "2020.01.25"]
[Round "4"]
[White "walkover"]
[Black "Ajolote"]
[Result "1/2-1/2"]
[WhiteElo "1769"]
[BlackElo "1963"]
[Opening "Sicilian: Nimzovich-Rossolimo attack (with ...g6, without ...d6)"]
[ECO "B31"]
[Time "13:06:21"]
[TimeControl "2700+45"]

1. e4 c5 2. Nf3 Nc6 3. Bb5 g6 4. Bxc6 dxc6 5. d3 Bg7 6. h3 Qc7 7. O-O e5 8. Be3
b6 9. a3 a5 10. Nbd2 Ne7 11. b4 axb4 12. axb4 Rxa1 13. Qxa1 cxb4 14. Nc4 c5 15.
Ncxe5 O-O 16. d4 Nc6 17. c3 Nxe5 18. dxe5 Bxe5 19. Nxe5 Qxe5 20. cxb4 Qxa1 21.
Rxa1 cxb4 22. Bxb6 Be6 23. f4 b3 24. Bd4 Rd8 25. Be5 Kf8 26. Rb1 Ke7 27. f5 gxf5
28. exf5 Bd5 29. Rd1 f6 30. Bb2 Kd6 31. g4 Rc8 32. Rc1 Re8 33. Kf2 Ra8 {Game
drawn by mutual agreement} 1/2-1/2

[Event "Team 45 45 League T83"]
[Site "Internet Chess Club"]
[Date "2020.01.25"]
[Round "4"]
[White "hipopotamos"]
[Black "ivanson"]
[Result "0-1"]
[WhiteElo "1641"]
[BlackElo "1721"]
[Opening "Four knights: Italian variation"]
[ECO "C47"]
[Time "19:01:12"]
[TimeControl "2700+45"]

1. e4 e5 2. Nf3 Nc6 3. Nc3 Nf6 4. Bc4 Nxe4 5. Nxe4 d5 6. Bxd5 Qxd5 7. Nc3 Qd8 8.
d3 Bg4 9. O-O Nd4 10. Re1 Bd6 11. Bf4 Bxf3 12. gxf3 f6 13. Ne4 Qd7 14. c3 Ne6
15. Nxd6+ Qxd6 16. Bg3 O-O-O 17. d4 Qc6 18. Qe2 Ng5 19. Kg2 exd4 20. cxd4 Rhe8
21. Rac1 Rxe2 22. Rxc6 bxc6 23. Rxe2 Rxd4 24. h4 Nf7 25. Re8+ Rd8 26. Re7 Rd7
27. Re8+ Nd8 28. Rh8 g6 29. Rf8 Rf7 30. Rxf7 Nxf7 31. f4 f5 32. f3 Kd7 33. Bf2
a6 34. Kf1 Kd6 35. Ke2 Kd5 36. Kd3 c5 37. b3 Nd8 38. Be1 Ne6 39. Bd2 Nd4 40. Ke3
Nc2+ 41. Kd3 Nb4+ 42. Bxb4 cxb4 43. Ke3 c5 44. Kd3 a5 45. Kc2 Kd4 46. Kd2 c4 47.
bxc4 Kxc4 48. Kc2 a4 49. Kb2 Kd3 50. a3 b3 51. Kc1 Ke2 52. Kb2 Kxf3 53. Kc3 Kxf4
54. Kb2 Ke3 55. Kc3 f4 56. Kb2 Kd2 57. Kb1 f3 58. h5 g5 59. h6 f2 60. Kb2 g4 61.
Kb1 Kc3 62. Kc1 f1=Q# {White checkmated} 0-1

[Event "Team 45 45 League T83"]
[Site "Internet Chess Club"]
[Date "2020.01.26"]
[Round "4"]
[White "vollmerj"]
[Black "PJ"]
[Result "1-0"]
[WhiteElo "1666"]
[BlackElo "1567"]
[Opening "Réti opening"]
[ECO "A05"]
[Time "09:45:35"]
[TimeControl "2700+45"]

1. Nf3 Nf6 2. g3 d5 3. Bg2 Nbd7 4. O-O e5 5. d3 Bd6 6. Nc3 c6 7. e4 d4 8. Ne2
O-O 9. Ne1 c5 10. f4 h6 11. fxe5 Nxe5 12. Nf3 Nxf3+ 13. Bxf3 Bh3 14. Bg2 Bxg2
15. Kxg2 Be5 16. Nf4 Qd6 17. Nh5 Nxh5 18. Qxh5 Rae8 19. Bf4 Qg6 20. Qxg6 fxg6
21. Bxe5 Rxf1 22. Rxf1 Rxe5 23. a3 Re6 24. Rb1 b5 25. b4 c4 26. Kf3 c3 27. Ra1
Ra6 28. e5 {Black resigns} 1-0

[Event "Team 45 45 League T83"]
[Site "Internet Chess Club"]
[Date "2020.01.25"]
[Round "4"]
[White "janh"]
[Black "ErnestoRondon"]
[Result "1-0"]
[WhiteElo "1865"]
[BlackElo "1842"]
[Opening "Sicilian: O'Kelly variation"]
[ECO "B28"]
[Time "22:00:32"]
[TimeControl "2700+45"]

1. e4 c5 2. Nf3 a6 3. d4 cxd4 4. Nxd4 e5 5. Nf3 Nf6 6. Bd3 d5 7. Nbd2 Nc6 8. Qe2
d4 9. O-O Be7 10. Rd1 O-O 11. Nf1 Bg4 12. h3 Bh5 13. Ng3 Bg6 14. Nh4 Rc8 15. a3
b5 16. Nhf5 Bc5 17. Qf3 Ba7 18. Bg5 Na5 19. h4 Nc4 20. h5 Bxf5 21. Nxf5 Rc6 22.
b3 Nb2 23. Rdb1 Nxd3 24. cxd3 h6 25. Bh4 Re8 26. Rc1 Ree6 27. Rxc6 Rxc6 28. Qg3
Qf8 29. Nxh6+ Kh7 30. Nf5 Nxh5 31. Qxe5 Bb8 32. Qxd4 Rg6 33. Kf1 Qe8 34. Rc1 Nf4
35. Qe3 Nxg2 36. Qf3 Nf4 37. Bg3 Qd7 38. d4 Rxg3 39. fxg3 Ng6 40. Qg4 Qe6 41.
Qh3+ Kg8 42. Rc8+ {Black resigns} 1-0

[Event "Team 45 45 League T83"]
[Site "Internet Chess Club"]
[Date "2020.01.26"]
[Round "4"]
[White "ANGELLR"]
[Black "primerpaso"]
[Result "0-1"]
[WhiteElo "1808"]
[BlackElo "1831"]
[Opening "Queen's pawn: London system"]
[ECO "A45"]
[Time "15:09:59"]
[TimeControl "2700+45"]

1. d4 Nf6 2. Bf4 d5 3. e3 e6 4. Nf3 Be7 5. h3 O-O 6. Nbd2 b6 7. Bd3 Bb7 8. O-O
c5 9. c3 Na6 10. Qe2 Nc7 11. Rfe1 Ne4 12. Ne5 Bh4 13. Rf1 Be7 14. Rad1 Qc8 15.
g4 Rd8 16. a3 f6 17. Nef3 Bd6 18. Bxd6 Rxd6 19. Rfe1 Qd7 20. Nh2 Re8 21. f3 Nxd2
22. Rxd2 e5 23. Bf5 Ne6 24. Qf2 g6 25. Bxe6+ Rdxe6 26. Nf1 Qg7 27. Kh1 exd4 28.
cxd4 c4 29. Ng3 Qh6 30. Kg2 Rxe3 31. Rde2 Rxe2 32. Rxe2 Qf8 33. Qe1 Kf7 34. Kf2
Rxe2+ 35. Qxe2 Qe7 36. Qd2 Bc6 37. h4 Bd7 38. Qf4 b5 39. Qb8 Be8 40. Qa8 Qd7 41.
Ne2 Kg7 42. Nf4 Bf7 43. Ng2 Qe7 44. Ne3 Qd7 45. g5 fxg5 46. hxg5 Qe7 47. Nxd5
Qxg5 48. Ne3 Qh4+ 49. Kg2 Qxd4 50. Ng4 Qxb2+ 51. Kg3 h5 52. Ne3 Qxa3 53. Qe4
Qd6+ 54. f4 Be6 55. Qb7+ Qd7 56. Qb8 Kh7 57. Qe5 a5 58. Qg5 c3 59. Qc5 b4 60.
Qxa5 Qd4 61. Qc7+ Kh6 62. Ng2 Qd3+ 63. Kf2 Qd2+ 64. Kg3 c2 65. Qe5 Qc3+ 66. Ne3
Qxe5 67. fxe5 c1=Q {White resigns} 0-1

[Event "Team 45 45 League T83"]
[Site "Internet Chess Club"]
[Date "2020.01.25"]
[Round "4"]
[White "VictorRed"]
[Black "Portola"]
[Result "1/2-1/2"]
[WhiteElo "1614"]
[BlackElo "1727"]
[Opening "French: exchange variation"]
[ECO "C01"]
[Time "19:02:32"]
[TimeControl "2700+45"]

1. e4 e6 2. d4 d5 3. exd5 exd5 4. Nf3 Nf6 5. Bg5 Be7 6. Bd3 O-O 7. O-O Bg4 8.
Re1 Nbd7 9. c3 Re8 10. Nbd2 c6 11. Qc2 h6 12. Bh4 Qc7 13. Re3 Bd6 14. Rae1 Rxe3
15. fxe3 Re8 16. h3 Bxf3 17. Nxf3 g5 18. Bf2 g4 19. hxg4 Nxg4 20. Re2 Nxf2 21.
Kxf2 Bg3+ 22. Kf1 Nf6 23. e4 Qf4 24. e5 Ng4 25. Kg1 Nh2 26. Nd2 Qg4 27. Qd1 Bf4
28. Qb1 Bxd2 29. Kxh2 Bf4+ 30. Kg1 Qg3 31. Bh7+ Kh8 32. Qf5 Qh2+ 33. Kf2 Qh4+
34. Kf1 Qh1+ 35. Kf2 Qh4+ 36. Kf1 Bg3 37. Rc2 Qh1+ 38. Ke2 Qxg2+ 39. Kd3 Qe4+
40. Qxe4 dxe4+ 41. Bxe4 h5 42. Bf5 h4 43. Re2 Kg7 44. Bd7 Rh8 45. Bh3 Rd8 46. c4
Kf8 47. Ke4 Re8 48. Kf5 Rd8 49. Rd2 Re8 50. Rd3 Bh2 51. Rb3 b6 52. Re3 Bg1 53.
Re4 Bf2 54. d5 cxd5 55. cxd5 Bg3 56. d6 Rd8 57. Kf6 Bf2 58. d7 b5 59. a4 a6 60.
axb5 axb5 61. b4 Rb8 62. e6 fxe6 63. Rxe6 Rd8 64. Rc6 Bd4+ 65. Ke6 Be3 66. Rc8
Bg5 67. Rxd8+ Bxd8 68. Bf1 Kg7 69. Bxb5 h3 70. Bc6 h2 71. b5 Kf8 72. Kd6 Kf7 73.
Bd5+ Kf6 74. Bh1 Kf7 75. Bd5+ Kf6 76. Bg2 Kf7 77. Bd5+ Kf6 {Game drawn by
repetition} 1/2-1/2

[Event "Team 45 45 League T83"]
[Site "Internet Chess Club"]
[Date "2020.01.25"]
[Round "4"]
[White "Monterrey"]
[Black "Ajolote"]
[Result "0-1"]
[WhiteElo "1919"]
[BlackElo "1978"]
[Opening "Queen's pawn game"]
[ECO "D05"]
[Time "19:02:33"]
[TimeControl "2700+45"]

1. d4 Nf6 2. Nf3 e6 3. e3 d5 4. Bd3 Nbd7 5. O-O Bd6 6. b3 e5 7. dxe5 Nxe5 8. Bb2
Nxd3 9. cxd3 Bg4 10. Nbd2 Qe7 11. a3 O-O 12. Re1 Rad8 13. b4 Ne4 14. Qc2 Nxd2
15. Nxd2 Qh4 16. Nf1 Rfe8 17. e4 dxe4 18. dxe4 Qg5 19. Bc3 Bf4 20. Ng3 h5 21.
Ra2 Be6 22. Rb2 Bc4 23. b5 h4 24. Nf1 Bxb5 25. h3 Bd3 26. Qa4 b5 27. Qxa7 Bxe4
{White resigns} 0-1

[Event "Team 45 45 League T83"]
[Site "Internet Chess Club"]
[Date "2020.01.30"]
[Round "4"]
[White "MarcB"]
[Black "laurenpar"]
[Result "1-0"]
[WhiteElo "1837"]
[BlackElo "1794"]
[Opening "Dutch: classical variation"]
[ECO "A96"]
[Time "21:00:45"]
[TimeControl "2700+45"]

1. Nf3 e6 2. d4 f5 3. g3 Nf6 4. Bg2 Be7 5. O-O O-O 6. c4 d6 7. b3 a5 8. Nc3 Ne4
9. Bb2 Nxc3 10. Bxc3 Bf6 11. Qd3 Nc6 12. e4 e5 13. exf5 exd4 14. Nxd4 Bxd4 15.
Bxc6 Bxc3 16. Bd5+ Kh8 17. Qxc3 Rxf5 18. Rfe1 c6 19. Be6 Bxe6 20. Rxe6 Qb6 21.
Rf1 Raf8 22. Qd2 a4 23. bxa4 Qc5 24. Qe2 d5 25. cxd5 cxd5 26. Qb5 Qd4 27. Re2 b6
28. Qb3 h5 29. Rd1 h4 30. Rxd4 {Black resigns} 1-0

[Event "Team 45 45 League T83"]
[Site "Internet Chess Club"]
[Date "2020.01.25"]
[Round "4"]
[White "bobhill"]
[Black "cayo89"]
[Result "1-0"]
[WhiteElo "1837"]
[BlackElo "1587"]
[Opening "Queen's Pawn"]
[ECO "A41"]
[Time "10:01:35"]
[TimeControl "2700+45"]

1. d4 d6 2. Nf3 Nf6 3. Bg5 Nbd7 4. Nbd2 e5 5. e4 g6 6. d5 Bg7 7. Bb5 O-O 8. O-O
a6 9. Ba4 Nc5 10. c3 Nxa4 11. Qxa4 Bd7 12. Qc2 c6 13. Rfe1 c5 14. a4 b5 15. axb5
axb5 16. c4 b4 17. b3 Qc7 18. h3 Ra7 19. Qb2 Rfa8 20. Nh2 Ra3 21. f3 R8a6 22.
Rxa3 Rxa3 23. Ra1 Qa7 24. Rxa3 Qxa3 25. Qb1 Nh5 26. Ng4 f6 27. Bh4 Kf7 28. Bf2
Nf4 29. Kf1 Bxg4 30. hxg4 Bh6 31. Be3 Bg5 32. Kf2 h5 33. gxh5 gxh5 34. Nf1 h4
35. g3 Qb2+ 36. Qxb2 Nd3+ 37. Ke2 Nxb2 38. gxh4 Bf4 39. Kd2 Kg6 40. Kc2 Nxc4 41.
bxc4 Kh5 42. Bf2 Kg6 43. Ng3 Bxg3 44. Bxg3 f5 45. Bxe5 {Black resigns} 1-0

[Event "Team 45 45 League T83"]
[Site "Internet Chess Club"]
[Date "2020.01.27"]
[Round "4"]
[White "Zugzwanged"]
[Black "fishhead"]
[Result "0-1"]
[WhiteElo "1703"]
[BlackElo "1801"]
[Opening "Alekhine's defense: exchange variation"]
[ECO "B03"]
[Time "18:04:05"]
[TimeControl "2700+45"]

1. e4 Nf6 2. e5 Nd5 3. d4 d6 4. c4 Nb6 5. exd6 exd6 6. Nc3 Bf5 7. Bd3 Bxd3 8.
Qxd3 Be7 9. Nf3 O-O 10. O-O Nc6 11. Be3 d5 12. b3 Bf6 13. c5 Nc8 14. Bf4 N8e7
15. Rfe1 g6 16. Be5 Nxe5 17. Nxe5 c6 18. Re2 Bxe5 19. Rxe5 Nf5 20. Rae1 Qd7 21.
Nd1 Rae8 22. h3 Rxe5 23. Rxe5 f6 24. Re2 Re8 25. Ne3 Qe6 26. Kf1 Qe4 27. Qxe4
dxe4 28. d5 Nxe3+ 29. fxe3 cxd5 30. Rd2 Rd8 31. a4 Kf7 32. Kf2 Ke6 33. b4 Rc8
34. Rc2 f5 35. g3 g5 36. b5 Rc7 37. Ke2 Ke5 38. a5 a6 39. c6 axb5 40. cxb7 Rxb7
41. Rb2 f4 42. gxf4+ gxf4 43. exf4+ Kxf4 44. a6 Ra7 45. Rxb5 d4 46. Rb7 Rxa6 47.
Rf7+ Ke5 48. Re7+ Kf5 49. Rxh7 Ra2+ 50. Ke1 e3 51. Re7 Kf4 52. h4 d3 53. Rf7+
Kg4 54. Rg7+ Kh3 {White resigns} 0-1

[Event "Team 45 45 League T83"]
[Site "Internet Chess Club"]
[Date "2020.01.25"]
[Round "4"]
[White "justice02"]
[Black "Demachaeron"]
[Result "0-1"]
[WhiteElo "1605"]
[BlackElo "1766"]
[Opening "Scandinavian (center counter) defense"]
[ECO "B01"]
[Time "23:00:35"]
[TimeControl "2700+45"]

1. e4 d5 2. exd5 Qxd5 3. Nc3 Qd8 4. d4 Nf6 5. Be2 g6 6. Nf3 Nc6 7. h3 Bg7 8. Bf4
a6 9. a3 O-O 10. O-O e6 11. Qd2 Nd5 12. Nxd5 exd5 13. c3 Na5 14. Rad1 Re8 15.
Bd3 Nc4 16. Bxc4 dxc4 17. Rfe1 Rxe1+ 18. Rxe1 c6 19. Qe2 Be6 20. Ng5 Bd5 21. Qe7
Qxe7 22. Rxe7 b5 23. Rc7 Bh6 24. h4 a5 25. Ne6 fxe6 26. Bxh6 b4 27. a4 bxc3 28.
bxc3 Rb8 29. Rg7+ Kh8 30. Ra7 Kg8 31. Rxa5 Rb1+ 32. Kh2 Rb3 33. Ra8+ Kf7 34. a5
Rxc3 35. a6 Ra3 36. Ra7+ Ke8 37. Rxh7 Rxa6 38. Rb7 Ra1 39. Rb2 Be4 40. Re2 Bd5
41. Rc2 Kf7 42. Bf4 Kf6 43. Kg3 Kf5 44. f3 Rd1 45. Be3 Rd3 46. Kf2 Rb3 47. g4+
Kf6 48. h5 gxh5 49. gxh5 Rb7 50. h6 Kf5 51. Rc1 Kg6 52. Rg1+ Kh7 53. Ra1 Rf7 54.
f4 Kxh6 55. Kg3 Rg7+ 56. Kh4 Kh7 57. Ra2 Kg6 58. Ra8 Kf5 59. Ra3 Ke4 60. Rc3 Rb7
61. Kg5 Rb3 62. Rxb3 cxb3 63. Bc1 Kxd4 64. Bb2+ Kd3 65. Kf6 c5 66. Ke5 c4 67. f5
exf5 {White resigns} 0-1

[Event "Team 45 45 League T83"]
[Site "Internet Chess Club"]
[Date "2020.01.27"]
[Round "4"]
[White "WillC"]
[Black "RD1974"]
[Result "1/2-1/2"]
[WhiteElo "1573"]
[BlackElo "1567"]
[Opening "Queen's pawn game, Darooha variation "]
[ECO "D02"]
[Time "18:04:05"]
[TimeControl "2700+45"]

1. d4 d5 2. Nf3 Nf6 3. b3 Bf5 4. Bb2 e6 5. Nbd2 h6 6. g3 Bb4 7. c3 Bd6 8. Bg2
O-O 9. O-O c6 10. c4 Nbd7 11. Rc1 Rc8 12. Ne5 Ng4 13. Ndf3 Qe7 14. c5 Bxe5 15.
Nxe5 Ngxe5 16. dxe5 Nxc5 17. Ba3 b6 18. e3 Rfe8 19. Rc3 Qc7 20. Bxc5 bxc5 21. f4
Qa5 22. Qa1 Rc7 23. Rfc1 c4 24. bxc4 Rb8 25. cxd5 exd5 26. Rb3 Rcb7 27. Rxb7
Rxb7 28. Re1 Qd2 29. Qc1 Rb2 30. Qxd2 Rxd2 31. e4 dxe4 32. Bxe4 Bxe4 33. Rxe4
Rxa2 34. Rc4 Ra6 35. Kf2 Kf8 36. Kf3 Ke7 37. Ke4 Kd7 38. h4 Ra3 39. g4 a5 40.
Kf5 Ra1 41. g5 Rh1 42. gxh6 gxh6 43. Kf6 Ke8 44. f5 c5 45. Rxc5 a4 46. Rc8+ Kd7
47. Ra8 Rxh4 48. Kxf7 Re4 49. e6+ Kd6 50. Ra6+ Ke5 51. e7 Kxf5 52. e8=Q Rxe8 53.
Kxe8 h5 54. Rxa4 Kg5 55. Kf7 h4 56. Ke6 h3 57. Ke5 h2 58. Ra1 Kg4 59. Ke4 Kg3
60. Ra3+ Kg2 61. Ra2+ Kg1 62. Ra1+ Kg2 63. Ra2+ Kg3 64. Ra3+ Kg2 {Game drawn by
mutual agreement} 1/2-1/2

[Event "Team 45 45 League T83"]
[Site "Internet Chess Club"]
[Date "2020.01.24"]
[Round "4"]
[White "xingon"]
[Black "Kingofknights"]
[Result "0-1"]
[WhiteElo "1401"]
[BlackElo "1602"]
[Opening "QGD Slav: Dutch variation"]
[ECO "D18"]
[Time "12:00:48"]
[TimeControl "2700+45"]

1. c4 c6 2. Nc3 Nf6 3. Nf3 d5 4. d4 dxc4 5. a4 Bf5 6. e3 e6 7. Bxc4 Bb4 8. O-O
O-O 9. Ne5 Nbd7 10. Nxd7 Qxd7 11. Bd3 Bxd3 12. Qxd3 e5 13. Rd1 exd4 14. Qxd4 Qe7
15. Qd3 Rad8 16. Qc2 Rxd1+ 17. Nxd1 Rd8 18. b3 Qd6 19. Bb2 Ne4 20. g3 Qd3 21.
Qxd3 Rxd3 22. f3 Nd2 23. Nf2 Rxb3 24. Ra2 Nxf3+ 25. Kg2 Ne1+ 26. Kh3 Nd3 27.
Nxd3 Rxd3 28. e4 Rd2 {White resigns} 0-1

[Event "Team 45 45 League T83"]
[Site "Internet Chess Club"]
[Date "2020.01.22"]
[Round "4"]
[White "tightfist"]
[Black "Kingfisher75"]
[Result "1/2-1/2"]
[WhiteElo "1473"]
[BlackElo "1490"]
[Opening "Réti opening"]
[ECO "A05"]
[Time "18:00:26"]
[TimeControl "2700+45"]

1. Nf3 Nf6 2. g3 d5 3. d4 c6 4. Bg2 Bf5 5. O-O e6 6. Nbd2 h6 7. c4 Ne4 8. Qb3
Qb6 9. Ne5 Nxd2 10. Bxd2 Be7 11. e3 O-O 12. Bc3 Rd8 13. Qxb6 axb6 14. g4 Bh7 15.
cxd5 cxd5 16. a4 Nc6 17. Nxc6 bxc6 18. a5 bxa5 19. Bxa5 Rdc8 20. Bc3 c5 21. dxc5
Bxc5 22. Rfe1 Bd6 23. e4 Rxa1 24. Rxa1 Bxe4 25. Bxe4 dxe4 26. Ra6 Be7 27. Kg2
Bc5 28. Kg3 e3 29. fxe3 Bxe3 30. Kf3 Bg5 31. h3 Rc4 32. Ra1 f6 33. Rh1 Bh4 34.
Ke3 Bg5+ 35. Kd3 Rc8 36. Ke4 Rc4+ 37. Kd3 Rc8 38. Ke4 Rc4+ 39. Kd3 {Game drawn
by repetition} 1/2-1/2

[Event "Team 45 45 League T83"]
[Site "Internet Chess Club"]
[Date "2020.01.25"]
[Round "4"]
[White "Insan996"]
[Black "elessar"]
[Result "1-0"]
[WhiteElo "1624"]
[BlackElo "1606"]
[Opening "Queen's pawn"]
[ECO "A40"]
[Time "14:12:48"]
[TimeControl "2700+45"]

1. d4 e6 2. Nf3 f5 3. e3 Nf6 4. Be2 b6 5. O-O Bb7 6. b3 Be7 7. Ne5 d6 8. Bf3 Qc8
9. Nd3 O-O 10. Bb2 d5 11. Nd2 Ne4 12. Rc1 Qd8 13. Nf4 Qd7 14. c4 g5 15. Nd3 g4
16. Be2 c6 17. cxd5 cxd5 18. Ne5 Qd8 19. Nxe4 dxe4 20. Bxg4 Nd7 21. Nxd7 Qxd7
22. Be2 Bd6 23. f4 exf3 24. Bxf3 Bd5 25. Bxd5 exd5 26. Qf3 Rf6 27. Qxd5+ Kh8 28.
Qxa8+ {Black resigns} 1-0

[Event "Team 45 45 League T83"]
[Site "Internet Chess Club"]
[Date "2020.01.26"]
[Round "4"]
[White "Egmont"]
[Black "fireball"]
[Result "1-0"]
[WhiteElo "1702"]
[BlackElo "1492"]
[Opening "Colle system"]
[ECO "A40"]
[Time "11:05:12"]
[TimeControl "2700+45"]

1. d4 e6 2. e3 c5 3. c3 Nf6 4. Bd3 d5 5. Nf3 Nc6 6. Nbd2 c4 7. Bc2 Bd6 8. O-O
O-O 9. Re1 e5 10. dxe5 Nxe5 11. Nxe5 Bxe5 12. Nf3 Bd6 13. Qd4 Qc7 14. Qh4 Be7
15. Qg5 Be6 16. Nd4 Ne4 17. Nxe6 fxe6 18. Qg4 Nxf2 19. Qxe6+ Kh8 20. Qxd5 g6 21.
Be4 Bd6 22. Bf3 Nd3 23. Re2 Bxh2+ 24. Kh1 Bg3 25. Bd2 Qe7 26. Qd4+ Ne5 27. Be1
Rf4 28. Bxg3 Rxd4 29. exd4 Qg5 30. Bxe5+ Kg8 31. Bd5+ Kf8 32. Rf1+ Ke7 33. Bf4+
Kd7 34. Bxg5 {Black resigns} 1-0

[Event "Team 45 45 League T83"]
[Site "Internet Chess Club"]
[Date "2020.01.25"]
[Round "4"]
[White "nidusin2"]
[Black "Constrictor"]
[Result "0-1"]
[WhiteElo "1524"]
[BlackElo "1542"]
[Opening "Queen's pawn: Chigorin variation"]
[ECO "D00"]
[Time "20:04:11"]
[TimeControl "2700+45"]

1. d4 d5 2. Nc3 Nf6 3. Bf4 c6 4. e3 Bf5 5. f3 e6 6. Bd3 Bxd3 7. Qxd3 Bd6 8. Bg5
Nbd7 9. e4 Be7 10. e5 Ng8 11. Bxe7 Nxe7 12. O-O-O a6 13. f4 c5 14. Qg3 Nf5 15.
Qf2 Nxd4 16. Nge2 Nxe2+ 17. Qxe2 b5 18. f5 Qg5+ 19. Kb1 Qxf5 20. Rde1 O-O 21. g4
Qg5 22. h4 Qd8 23. g5 b4 24. Nd1 c4 25. Qe3 Qb6 26. Qg3 b3 27. cxb3 cxb3 28. a3
Rac8 29. Ne3 Nc5 30. Ng4 Ne4 31. Rxe4 dxe4 32. Nf6+ Kh8 33. h5 Qd4 34. Nxh7 Kxh7
35. g6+ Kg8 36. h6 Qd3+ 37. Qxd3 exd3 38. hxg7 Kxg7 {White resigns} 0-1